 Dungeon Crawl Stone Soup version 0.28.0-53-g5a82cb258f (webtiles) character file.

Game seed: 18137022532440298115

2998 pkoi the Frost Mage (level 9, -2/67 HPs)
             Began as a Demigod Ice Elementalist on June 6, 2022.
             Slain by a kobold brigand
             ... wielding a +0 war axe
              (4 damage)
             ... in a bailey.
             The game lasted 00:21:02 (13278 turns).

pkoi the Frost Mage (Demigod Ice Elementalist)     Turns: 13278, Time: 00:21:02

Health: -2/67      AC: 15    Str:  9    XL:     9   Next: 29%
Magic:  18/25      EV: 12    Int: 29    God:
Gold:   814        SH:  0    Dex: 14    Spells: 3/14 levels left

rFire   . . .      SeeInvis .   n - +1 shortbow
rCold   . . .      Faith    .   (shield currently unavailable)
rNeg    . . .      Spirit   .   a - +1 robe
rPois   .          Reflect  .   (no helmet)
rElec   .          Harm     .   q - +1 cloak
rCorr   .          Rampage  .   (no gloves)
Will    .....                   (no boots)
Stlth   ++........              (no amulet)
HPRegen 0.21/turn               t - ring of magical power
MPRegen 0.19/turn               (no ring)

@: ice-armoured, freezing walls, slowed, very slow
A: high MP 1, forlorn, divine attributes
a: no special abilities


You were in a bailey.
You visited 2 branches of the dungeon, and saw 8 of its levels.
You also visited: Bailey.

You collected 814 gold pieces.

Inventory:

Hand Weapons
 b - a +0 hand axe
 g - a +0 spear
 n - a +1 shortbow (weapon)
Missiles
 o - 50 arrows (quivered ammo)
Armour
 a - a +1 robe (worn)
 e - a +0 pair of boots
 q - a +1 cloak (worn)
Jewellery
 t - a ring of magical power (left hand)
Wands
 m - a wand of polymorph (10)
Scrolls
 h - 2 scrolls of vulnerability
 i - a scroll of fog
 r - a scroll of teleportation
 s - a scroll of identify
Potions
 c - a potion of brilliance {unknown}
 d - a potion of magic
 f - a potion of cancellation
 j - a potion of attraction {unknown}
 l - 2 potions of haste
 p - a potion of mutation


   Skills:
 - Level 1.9 Fighting
 + Level 4.3 Bows
 - Level 2.0 Armour
 - Level 2.8 Dodging
 - Level 1.7 Stealth
 - Level 3.0 Spellcasting
 - Level 3.0 Conjurations
 + Level 10.4 Ice Magic


You had 3 spell levels left.
You knew the following spells:

 Your Spells              Type           Power      Damage    Failure   Level
a - Freeze                Ice            100%       1d11      1%          1
b - Frozen Ramparts       Ice            100%       1d12      1%          3
c - Ozocubu's Armour      Ice            60%        N/A       1%          3
d - Hailstorm             Conj/Ice       43%        3d10      4%          4

Your spell library contained the following spells:

 Spells                   Type           Power      Damage    Failure   Level
 Ensorcelled Hibernation  Hex/Ice        68%        N/A       1%          2
 Animate Skeleton         Necr           8%         N/A       8%          1
 Pain                     Necr           16%        1d4       8%          1
 Passwall                 Tmut/Erth      3%         N/A       12%         2
 Sublimation of Blood     Necr           4%         N/A       12%         2
 Swiftness                Air            4%         N/A       22%         3
 Vampiric Draining        Necr           4%         2d6       22%         3
 Cause Fear               Hex            2%         N/A       58%         4
 Petrify                  Tmut/Erth      4%         N/A       58%         4
 Irradiate                Conj/Tmut      6%         3d15      75%         5
 Alistair's Intoxication  Tmut/Pois      2%         N/A       91%         5
 Borgnjor's Vile Clutch   Necr/Erth      2%         N/A       91%         5
 Eringya's Noxious Bog    Tmut/Pois      2%         N/A       100%        6
 Dragon Form              Tmut           2%         N/A       100%        7
 Dragon's Call            Summ           2%         N/A       100%        9


Dungeon Overview and Level Annotations

Branches:
Dungeon (7/15)             Temple (1/1) D:5          Bailey (1/1)

Shops:
D:1 (=


Innate Abilities, Weirdness & Mutations

You have an increased reservoir of magic. (+10% MP)
You shall have no god before yourself.
Your divine heritage dramatically boosts your attributes as you level up.


Message History

You feel as though you will be slow longer.
You close the gate, pushing everything out of the way.
You see here 3 arrows.
* * * LOW HITPOINT WARNING * * *
You feel very sick.
You feel better.
You start resting.
A kobold comes into view.
The kobold brigand hits you with a +0 war axe!
* * * LOW HITPOINT WARNING * * *
There is an open gate, spattered with blood here.
Casting: Frozen Ramparts (safe; 1% risk of failure)
Confirm with . or Enter, or press ? or * to list all spells.
A film of ice covers your body!
The kobold brigand hits you with a +0 war axe.
* * * LOW HITPOINT WARNING * * *
Casting: Ozocubu's Armour (safe; 1% risk of failure)
Confirm with . or Enter, or press ? or * to list all spells.
Casting: Frozen Ramparts (safe; 1% risk of failure)
Press: ? - help, Dir - look around, f - activate An open gate, spattered with blood.
The walls around you are covered in ice.
The wall freezes the kobold brigand.
The wall freezes the kobold!
You kill the kobold!
The kobold brigand closely misses you.
Okay, then.
Unknown command.
Aiming: Polymorph
Press: ? - help, Shift-Dir - straight line, f - kobold brigand
Aim: a kobold brigand, wielding a +0 war axe and quivering curare-tipped darts (lightly wounded, will become a frilled lizard, an ogre, or a bullfrog, chance to affect: 49%)
The kobold brigand resists with some effort.
The kobold brigand hits you but does no damage.
Unknown command.
Aiming: Polymorph
Press: ? - help, Shift-Dir - straight line, f/p - kobold brigand
Aim: a kobold brigand, wielding a +0 war axe and quivering curare-tipped darts (lightly wounded, will become a frilled lizard, an ogre, or a bullfrog, chance to affect: 49%)
The kobold brigand resists with some effort.
The kobold brigand closely misses you.
The kobold brigand hits you with a +0 war axe.
You die...

##≈≈.......≈≈##
..≈≈.......≈≈..
#≈≈.....(.≈≈#
#≈.......≈#
####.(.####
#...# #((.#
#(..# ##@K'##
##()∩..##
#...(...#
#...∩...#
##.....##
#######


You could see a kobold brigand.

Vanquished Creatures
  A steam dragon (D:6)
  An acid dragon (D:4)
  4 orc warriors (D:7)
  An ice beast (D:7)
  An ogre (D:6)
  2 centaurs
  2 phantoms
  3 kobold brigands
  4 bullfrogs
  A scorpion (D:7)
  A water moccasin zombie (D:7)
  5 wights
  3 bullfrog zombies
  2 centaur zombies
  4 hounds
  3 iron imps (D:5)
  Crazy Yiuf (D:5)
  2 orc priests
  Jessica (D:2)
  A gnoll shaman (D:4)
  6 iguanas
  Natasha (D:2)
  6 orc wizards
  Robin (D:2)
  7 gnolls (D:4)
  A howler monkey skeleton (D:4)
  5 adders
  A shadow imp (D:5)
  A white imp (D:6)
  An ufetubus (D:5)
  A worm (D:5)
  2 dart slugs
  8 orcs
  9 ball pythons
  5 endoplasms
  5 giant cockroaches
  21 goblins
  6 hobgoblins
  5 jackals (D:3)
  2 quokkas
  4 bats
  8 frilled lizards
  17 kobolds
  4 rats
170 creatures vanquished.

Vanquished Creatures (others)
  9 fungi (D:4)
  A plant (D:6)
  4 toadstools (D:4)
14 creatures vanquished.

Grand Total: 184 creatures vanquished

Notes
Turn   | Place    | Note
-------+----------+-------------------------------------------
     0 | D:1      | pkoi the Demigod Ice Elementalist began the quest for the
                  | Orb.
     0 | D:1      | Reached XP level 1. HP: 14/14 MP: 5/5
    32 | D:1      | Found Juinoq's Weapon Emporium.
   125 | D:1      | Reached skill level 4 in Ice Magic
   208 | D:1      | Reached XP level 2. HP: 20/20 MP: 5/7
   414 | D:1      | Found Raej's Jewellery Boutique.
  1234 | D:2      | Reached XP level 3. HP: 24/26 MP: 4/8
  1311 | D:2      | Noticed Robin
  1324 | D:2      | Learned a level 3 spell: Frozen Ramparts
  1358 | D:2      | Killed Robin
  1744 | D:2      | Reached skill level 5 in Ice Magic
  1924 | D:2      | Noticed Jessica
  1930 | D:2      | Killed Jessica
  1931 | D:2      | Reached XP level 4. HP: 21/33 MP: 4/9
  2373 | D:2      | Noticed Natasha
  2377 | D:2      | Killed Natasha
  4040 | D:3      | Noticed a black bear
  4327 | D:4      | Reached skill level 6 in Ice Magic
  4327 | D:4      | Reached XP level 5. HP: 23/38 MP: 4/10
  4719 | D:4      | Learned a level 3 spell: Ozocubu's Armour
  5178 | D:4      | Reached XP level 6. HP: 40/45 MP: 7/11
  5182 | D:4      | Reached skill level 7 in Ice Magic
  5825 | D:5      | Entered Level 5 of the Dungeon
  7517 | D:5      | Noticed an acid dragon
  7532 | D:4      | Killed an acid dragon
  7533 | D:4      | Reached skill level 8 in Ice Magic
  7533 | D:4      | Reached XP level 7. HP: 29/50 MP: 5/13
  8005 | D:5      | Found a staircase to the Ecumenical Temple.
  8386 | D:5      | Found a runed translucent door.
  8387 | D:5      | Noticed Crazy Yiuf
  8901 | D:5      | Reached skill level 9 in Ice Magic
  9349 | D:5      | Killed Crazy Yiuf
  9592 | D:6      | Noticed a troll
  9745 | D:5      | Reached skill level 1 in Fighting
  9745 | D:5      | Reached skill level 1 in Bows
  9745 | D:5      | Reached skill level 1 in Armour
  9745 | D:5      | Reached XP level 8. HP: 50/59 MP: 7/14
 11740 | D:6      | Learned a level 4 spell: Hailstorm
 12352 | D:5      | Reached skill level 1 in Conjurations
 12414 | Temple   | Entered the Ecumenical Temple
 12950 | D:7      | Reached skill level 10 in Ice Magic
 12950 | D:7      | Reached XP level 9. HP: 67/67 MP: 8/16
 13159 | D:7      | Found a flagged portal.
 13165 | Bailey   | Entered a bailey
 13274 | Bailey   | HP: 3/67 [kobold brigand/+0 war axe (7)]
 13275 | Bailey   | HP: 1/67 [kobold brigand/+0 war axe (2)]
 13278 | Bailey   | Slain by a kobold brigand

Illustrated notes

Levels and vault maps discovered:
D:1:      dpeg_arrival_shelter, layout_loops_corners, serial_shops, shop,
          nicolae_shop_bloodbath_and_beyond,
          hellmonk_ecumenical_altar_crossroads, minmay_misc_feat_doors,
          chequers_mini_garden
D:2:      layout_basic, nrook_uturn, uniq_natasha, uniq_jessica, uniq_robin
D:3:      layout_loops_ring, mainiacjoe_overflow_tiny_flanked
D:4:      layout_loops_ring, minmay_gold_behind_fungi, minmay_ruined_shrine
D:5:      layout_basic, demons_altar, temple_statues, uniq_crazy_yiuf_cottage
D:6:      layout_gridville, serial_bayou_crossing
D:7:      minmay_octagon_keep, layout_loops_ring, kennysheep_little_box,
          amethyst_overflow_temple_binary, amcnicky_altar_gilded,
          lemuel_tele_altar, enter_bailey_3
Temple:   eino_temple_water
Bailey:   bailey_axe_3, bailey

Skill      XL: |  1  2  3  4  5  6  7  8  9 |
---------------+----------------------------+-----
Ice Magic      | 4 5 6 8 9 10 | 10.4
Spellcasting   | 2 3 |  3.0
Dodging        | 2 |  2.8
Fighting       | 1 |  1.9
Bows           | 1 3 4 |  4.3
Armour         | 1 2 |  2.0
Conjurations   | 2 3 |  3.0
Stealth        | |  1.7

Action                   |  1- 3 |  4- 6 |  7- 9 || total
-------------------------+-------+-------+-------++-------
Melee: Hand axe          |    17 |    92 |       ||   109
       Unarmed           |       |     1 |    13 ||    14
       Punch             |       |     1 |       ||     1
       Spear             |       |       |    34 ||    34
 Fire: Shortbow          |       |       |   198 ||   198
 Cast: Freeze            |    44 |    25 |     3 ||    72
       Frozen Ramparts   |     3 |    24 |    35 ||    62
       Ozocubu's Armour  |       |    13 |    36 ||    49
Evoke: Wand              |       |       |     2 ||     2
  Use: Scroll            |       |    13 |     2 ||    15
       Potion            |       |     1 |     1 ||     2
 Stab: Distracted        |     1 |       |       ||     1
Armor: Robe              |    12 |    29 |   116 ||   157
       Skin              |       |     9 |    11 ||    20
Dodge: Dodged            |    37 |    88 |   160 ||   285
